 Dungeon Crawl Stone Soup version 0.29.1-12-g30fa7ad0bf (webtiles) character file.

Game seed: 11445562656248375774

60 fantasyman the Trooper (level 4, -2/37 HPs)
             Began as a Formicid Berserker on Dec 28, 2022.
             Was a Believer of Trog.
             Slain by a gnoll
             ... wielding a +0 flail
              (4 damage)
             ... on level 2 of the Dungeon.
             The game lasted 00:01:39 (1427 turns).

fantasyman the Trooper (Formicid Berserker)         Turns: 1427, Time: 00:01:40

Health: -2/37      AC:  8    Str: 23    XL:     4   Next: 24%
Magic:  4/4        EV:  8    Int:  7    God:    Trog [**....]
Gold:   60         SH:  0    Dex: 13    Spells: 3/3 levels left

rFire   . . .      SeeInvis +   a - +0 hand axe
rCold   . . .      Faith    .   (no shield)
rNeg    . . .      Spirit   .   d - +0 chain mail
rPois   .          Reflect  .   (helmet unavailable)
rElec   .          Harm     .   (no cloak)
rCorr   .          Rampage  .   (no gloves)
Will    .....                   (no boots)
Stlth   ..........              (no amulet)
HPRegen 0.12/turn               (no ring)
MPRegen 0.09/turn               (no ring)

@: no status effects
A: permanent stasis, dig shafts and tunnels, antennae 3, four strong arms
a: Dig, Shaft Self, Renounce Religion, Trog's Hand


You were on level 2 of the Dungeon.
You worshipped Trog.
Trog was pleased with you.
You visited 1 branch of the dungeon, and saw 2 of its levels.

You collected 60 gold pieces.

Inventory:

Hand Weapons
 a - a +0 hand axe (weapon)
Missiles
 e - 6 curare-tipped darts
Armour
 b - a +0 animal skin
 d - a +0 chain mail (worn)
Jewellery
 c - a ring of protection from fire
Scrolls
 f - 3 scrolls of identify
 h - 2 scrolls of teleportation {unknown}
 i - a scroll of blinking {unknown}
 k - a scroll of enchant weapon {unknown}
 l - a scroll of magic mapping {unknown}
 m - a scroll of enchant armour {unknown}
 o - a scroll of silence {unknown}
Potions
 g - a potion of degeneration {unknown}
 j - 2 potions of curing {unknown}
 n - a potion of attraction {unknown}


   Skills:
 * Level 4.1 Fighting
 * Level 3.7 Axes
 * Level 2.7 Armour
 - Level 1.8 Dodging
 * Level 1.3 Stealth


You had 3 spell levels left.
You didn't know any spells.
Your spell library was empty.

Dungeon Overview and Level Annotations

Branches:
Dungeon (2/15)

Altars:


Innate Abilities, Weirdness & Mutations

You cannot be hasted, slowed, berserked, paralysed or teleported.
You can dig through walls and to a lower floor.
You have a pair of large antennae on your head. (SInv)
Your four strong arms can wield two-handed weapons with a shield.


Message History

The gnoll shouts!
You hear a shout!
The gnoll closely misses you.
You see here a +0 whip.
You hit the gnoll but do no damage. The gnoll hits you but does no damage.
A gnoll comes into view. It is wielding a +0 halberd.
You hit the gnoll.
The gnoll is lightly wounded.
The gnoll hits you with a +0 spear.
You slash the gnoll!
The gnoll is severely wounded.
The gnoll hits you but does no damage.
You hit the gnoll but do no damage.
The gnoll is severely wounded.
The gnoll closely misses you. The gnoll hits you with a +0 spear.
You slash the gnoll!
You kill the gnoll!
Trog accepts your kill.
You hit the gnoll but do no damage. The gnoll hits you with a +0 flail!
You are too injured to fight recklessly!
You are too injured to fight recklessly!
You are too injured to fight recklessly!
You are too injured to fight recklessly!
You are too injured to fight recklessly!
You are too injured to fight recklessly!
You are too injured to fight recklessly!
You are too injured to fight recklessly!
You are too injured to fight recklessly!
You are too injured to fight recklessly!
You are too injured to fight recklessly!
You are too injured to fight recklessly!
You are too injured to fight recklessly!
You are too injured to fight recklessly!
You are too injured to fight recklessly!
You barely miss the gnoll. The gnoll barely misses you.
The gnoll hits you with a +0 flail.
You hit the gnoll but do no damage.
The gnoll hits you from afar with a +0 halberd!
* * * LOW HITPOINT WARNING * * *
The gnoll hits you with a +0 flail.
You die...

#.#.##.†....#.....
+... #......#.....
#.## #......#.....
#.######.####.##..
#.................
#........###.###.#
#.###.##.# #.# #..
#.# #.##.# #.# #.#
#@# #.##.# #.# #.#
#g# #.##.# #.###.#
#g# #.##.# #.....#
..# #.##.# #######
### #.##.# #..


You could see 2 gnolls.

Vanquished Creatures
  3 gnolls
  A worm (D:2)
  2 ball pythons (D:2)
  3 endoplasms
  2 giant cockroaches
  A goblin (D:1)
  4 hobgoblins
  3 bats (D:1)
  2 frilled lizards (D:1)
  5 kobolds
  2 rats (D:2)
28 creatures vanquished.

Vanquished Creatures (others)
  A plant (D:1)
1 creature vanquished.

Grand Total: 29 creatures vanquished

Notes
Turn   | Place    | Note
-------+----------+-------------------------------------------
     0 | D:1      | fantasyman the Formicid Berserker began the quest for the
                  | Orb.
     0 | D:1      | Reached XP level 1. HP: 18/18 MP: 1/1
   259 | D:1      | Reached XP level 2. HP: 22/24 MP: 2/2
   474 | D:1      | Reached XP level 3. HP: 30/30 MP: 3/3
   818 | D:2      | Reached ** piety under Trog
  1093 | D:2      | Reached skill level 1 in Stealth
  1419 | D:2      | Reached skill level 4 in Fighting
  1419 | D:2      | Reached XP level 4. HP: 29/37 MP: 4/4
  1427 | D:2      | Slain by a gnoll

Illustrated notes

Levels and vault maps discovered:
D:1:      kennysheep_arrival_seaside, layout_basic, minmay_tromino_v4_a
D:2:      layout_basic

Skill      XL: |  1  2  3 |
---------------+----------+-----
Stealth        | 1 |  1.3
Fighting       | 4 |  4.1
Axes           | |  3.7
Armour         | |  2.7
Dodging        | |  1.8

Action                   |  1- 3 |  4- 6 || total
-------------------------+-------+-------++-------
Melee: Hand axe          |    91 |     8 ||    99
       Punch             |     1 |       ||     1
  Use: Scroll            |     1 |       ||     1
Armor: Chain mail        |    41 |     2 ||    43
Dodge: Dodged            |    45 |     3 ||    48
